 Dungeon Crawl Stone Soup version 0.32-a0-128-g77eb882913 (webtiles) character file.

Game seed: 9860866026071010201

87 zeratav the Trooper (level 4, -4/49 HPs)
             Began as an Oni Warper on Feb 8, 2024.
             Slain by Duvessa
             ... wielding a +0 short sword
              (13 damage)
             ... on level 4 of the Dungeon.
             The game lasted 00:03:12 (3149 turns).

zeratav the Trooper (Oni Warper)                    Turns: 3149, Time: 00:03:12

Health: -4/49      AC:  3    Str: 17    XL:     4   Next: 51%
Magic:  7/7        EV:  9    Int: 14    God:
Gold:   49         SH:  0    Dex:  8    Spells: 5/7 levels left

rFire   . . .        a - +0 mace {mace}
rCold   . . .        (no shield)
rNeg    . . .        b - +0 robe
rPois   +            (helmet restricted)
rElec   .            (no cloak)
rCorr   .            (gloves unavailable)
SInv    .            (boots unavailable)
Will    .....        (no amulet)
Stlth   +            l - ring of poison resistance
HPRegen 0.28/turn    (no ring)
MPRegen 0.10/turn

%: no passive effects
@: no status effects
A: large, unfitting armour, horns 1, tough skin 1, double potion healing,
drunken brawling
a: no special abilities


You were on level 4 of the Dungeon.
You visited 1 branch of the dungeon, and saw 4 of its levels.

You collected 163 gold pieces.
You spent 114 gold pieces at shops.


Innate Abilities, Weirdness & Mutations

You are too large for most types of armour.
You have a pair of small horns on your head.
You have tough skin. (AC +1)
You gain doubled healing and magic from potions.
Whenever you drink a healing potion, you attack all around you.


   Skills:
 + Level 4.7 Fighting
 + Level 3.5 Maces & Flails
 - Level 1.0 Throwing
 - Level 2.1 Dodging
 - Level 2.4 Spellcasting
 - Level 2.6 Translocations


You had 5 spell levels left.
You knew the following spells:

 Your Spells              Type           Power      Damage    Failure   Level
a - Blink                 Tloc           18%        N/A       12%         2

Your spell library contained the following spells:

 Spells                   Type           Power      Damage    Failure   Level
 Lesser Beckoning         Tloc           18%        N/A       12%         2
 Teleport Other           Tloc           9%         N/A       22%         3
 Manifold Assault         Tloc           9%         N/A       58%         4
 Vhi's Electric Charge    Tloc/Air       10%        N/A       78%         4

Inventory:

Hand Weapons
 a - a +0 mace (weapon) {mace}
Missiles
 d - 7 darts of dispersal (quivered) {=fthrowing}
Armour
 b - a +0 robe (worn)
Jewellery
 l - a ring of poison resistance (left hand)
   (You found it on level 2 of the Dungeon)
Scrolls
 c - 2 scrolls of blinking {!r}
 e - 3 scrolls of teleportation {unknown}
 i - a scroll of vulnerability {!r!r}
 j - a scroll of enchant armour
 k - a scroll of poison
 m - a scroll of acquirement {unknown}
 o - a scroll of noise {unknown}
 p - a scroll of enchant weapon
 q - a scroll of summoning {unknown}
Potions
 f - 3 potions of curing {unknown}
 g - 2 potions of might {unknown}
 h - a potion of lignification {unknown}
 n - 2 potions of brilliance {unknown}

Dungeon Overview and Level Annotations

Branches:
Dungeon (4/15) Zot: 20807
 Temple: D:4-7

Altars:
Ashenzari
Trog
The Shining One

Shops:
D:1 ?

Annotations:
D:3 exclusion: downstairs
D:4 Dowan, Duvessa, Menkaure

######
#.#######....#
#............#
#............#
#.........@..#
#........e...#
#............#
#.........e..#
#.#######'##.#
#.....>......#
....###.####...
###.#..........
#.#.#.#######


You could see Duvessa (fast) and Dowan.


Message History

You sock the endoplasm!
You kill the endoplasm!
No target in view!
No target in view!
No target in view!
No target in view!
No target in view!
No target in view!
No target in view!
No target in view!
No target in view!
No target in view!
No target in view!
e - 3 scrolls labelled ZOIZXYS CUOKH (gained 1)
n - 2 viscous green potions (gained 1)
Found a stone staircase leading down.
Duvessa, Sister of Dowan comes into view.
She is wielding a +0 short sword.
Duvessa shouts!
You open the door.
There is an open door here.
There is a stone staircase leading up here.
You climb upwards.
There is a stone staircase leading down here.
There is a stone staircase leading down here.
You climb downwards.
Level annotation: Duvessa Menkaure shouts!
You hear a shout!
An orc priest comes into view. It is wielding a +0 dagger.
Menkaure calls on the powers of darkness!
The orc convulses!
The orc priest convulses!
Your body is wracked with pain!
You hear a shout!
There is a stone staircase leading up here.
HP[-23]
You take 23 damage, and now have 26/49 hp.
MASSIVE DAMAGE!! (PAUSE)
The orc priest miscasts a cantrip.
The orc shouts!
You climb upwards.
Level annotation: exclusion: downstairs
There is a stone staircase leading down here.
HP[+1]
You start resting.
HP[+22]
Your hp is fully restored (49).
Unknown command.
There is a stone staircase leading down here.
You climb downwards.
Level annotation: Duvessa, Menkaure Duvessa shouts!
Duvessa hits you with a +0 short sword.
There is a stone staircase leading up here.
HP[-3]
You take 3 damage, and now have 46/49 hp.
You barely miss Duvessa. Duvessa hits you with a +0 short sword!
Duvessa hits you with a +0 short sword.
HP[-13]
You take 13 damage, and now have 33/49 hp.
MASSIVE DAMAGE!! (PAUSE)
You closely miss Duvessa. You headbutt Duvessa.
Duvessa hits you with a +0 short sword.
HP[-2]
You take 2 damage, and now have 31/49 hp.
You hit Duvessa. You headbutt Duvessa. Duvessa hits you with a +0 short sword!
* * * LOW HITPOINT WARNING * * *
HP[-7]
You take 7 damage, and now have 24/49 hp.
You hit Duvessa but do no damage. Duvessa barely misses you.
You hit Duvessa. Your headbutt misses Duvessa. Duvessa barely misses you.
HP[+1]
You closely miss Duvessa. Your headbutt misses Duvessa.
Duvessa barely misses you. Duvessa closely misses you.
You hit Duvessa. Duvessa barely misses you.
You hit Duvessa but do no damage. You headbutt Duvessa.
Duvessa hits you but does no damage.
HP[+1]
You sock Duvessa! You headbutt Duvessa, but do no damage.
You punch Duvessa, but do no damage. Duvessa hits you with a +0 short sword.
* * * LOW HITPOINT WARNING * * *
HP[-4]
You take 4 damage, and now have 22/49 hp.
You hit Duvessa but do no damage. You headbutt Duvessa, but do no damage.
Dowan, Brother of Duvessa comes into view.
He is wielding a +0 dagger.
Duvessa barely misses you. Duvessa closely misses you.
HP[+1] Dowan shouts!
You hit Duvessa but do no damage. You headbutt Duvessa.
Duvessa hits you with a +0 short sword!
* * * LOW HITPOINT WARNING * * *
HP[-11]
You take 11 damage, and now have 12/49 hp.
MASSIVE DAMAGE!! (PAUSE)
You hit Duvessa. You headbutt Duvessa. Duvessa barely misses you.
You hit Duvessa but do no damage. Duvessa hits you with a +0 short sword.
* * * LOW HITPOINT WARNING * * *
HP[-3]
You take 3 damage, and now have 9/49 hp.
Dowan casts a spell at Duvessa.
Duvessa seems to speed up.
Duvessa hits you with a +0 short sword!
You die...

Skill      XL: |  1  2  3 |
---------------+----------+-----
Fighting       | 3 4 |  4.7
Maces & Flails | 3 |  3.5
Throwing       | |  1.0
Dodging        | |  2.1
Spellcasting   | |  2.4
Translocations | |  2.6

Action                     |  1- 3 |  4- 6 || total
---------------------------+-------+-------++-------
  Melee: Mace              |    96 |    59 ||   155
         Headbutt          |    10 |    11 ||    21
         Punch             |     1 |     2 ||     3
    Use: Scroll            |     3 |       ||     3
 Armour: Robe              |    66 |    56 ||   122
  Dodge: Dodged            |    42 |    41 ||    83

Levels and vault maps discovered:
D:1:      ebering_trefoil_twist, layout_rooms,
          hellmonk_ecumenical_altar_prayer_group, serial_shops,
          nicolae_shop_just_a_little_nook, minmay_misc_feat_ornament,
          serial_bayou_pond_a, roderic_lattice_a, hex_intersection,
          minmay_misc_feat_room, grunt_decor_cap, minmay_tetromino_i2
D:2:      minmay_razor_zed, layout_loops_ring, kennysheep_flooded_box
D:3:      layout_basic, lemuel_tele_altar, nicolae_overflow_hidden_temple
D:4:      layout_basic, serial_shops, nicolae_shop_trees, grunt_ministairs_6,
          uniq_natasha, uniq_menkaure, uniq_duvessa, uniq_grinder

Notes
Turn   | Place    | Note
-------+----------+-------------------------------------------
     0 | D:1      | zeratav the Oni Warper began the quest for the Orb.
     0 | D:1      | Reached XP level 1. HP: 22/22 MP: 3/3
     0 | D:1      | magus.rc [v1.9.6]
    70 | D:1      | Found Pommua's Magic Scroll Boutique.
   181 | D:1      | Reached skill level 3 in Fighting
   327 | D:1      | Reached XP level 2. HP: 24/31 MP: 5/5
   382 | D:1      | Learned a level 2 spell: Blink
   789 | D:1      | Found a faded altar of an unknown god.
  1092 | D:2      | Reached XP level 3. HP: 31/39 MP: 6/6
  1446 | D:2      | Reached skill level 4 in Fighting
  1574 | D:2      | Reached skill level 3 in Maces & Flails
  1903 | D:1      | Bought a scroll of enchant weapon for 90 gold pieces
  2007 | D:1      | Bought a scroll of identify for 24 gold pieces
  2118 | D:3      | Reached XP level 4. HP: 49/49 MP: 7/7
  2217 | D:3      | Found a glowing golden altar of the Shining One.
  2521 | D:3      | Found a broken altar of Ashenzari.
  2522 | D:3      | Found a bloodstained altar of Trog.
  2954 | D:4      | Noticed Duvessa
  3016 | D:4      | Noticed Menkaure
  3145 | D:4      | Noticed Dowan
  3146 | D:4      | HP: 12/49 [Duvessa/+0 short sword (11)]
  3149 | D:4      | Slain by Duvessa

Vanquished Creatures
  4 adders
  An orc (D:3)
  7 ball pythons
  4 bats
  5 endoplasms
  2 giant cockroaches
  7 goblins
  4 hobgoblins
  2 jackals
  2 frilled lizards
  7 kobolds
  2 rats
47 creatures vanquished.

Table legend:
 A = Non-vault XP
 B = Vault XP
 C = Vault XP percentage of total XP
 D = Non-vault monster count
 E = Vault monster count
 F = Vault count percentage of total count
                 A         B        C        D         E       F
            +---------+---------+-------+---------+---------+-------
      Total |      83 |      42 |  33.6 |      30 |      17 |  36.2
            +---------+---------+-------+---------+---------+-------
        D:1 |      16 |       8 |  33.3 |      10 |       4 |  28.6
        D:2 |      21 |      34 |  61.8 |       6 |      13 |  68.4
        D:3 |      44 |       0 |   0.0 |      13 |       0 |   0.0
        D:4 |       2 |       0 |   0.0 |       1 |       0 |   0.0
            +---------+---------+-------+---------+---------+-------

Skill      XL: |  1  2  3 |
---------------+----------+-----
Fighting       | 3 4 |  4.7
Maces & Flails | 3 |  3.5
Throwing       | |  1.0
Dodging        | |  2.1
Spellcasting   | |  2.4
Translocations | |  2.6

Action                     |  1- 3 |  4- 6 || total
---------------------------+-------+-------++-------
  Melee: Mace              |    96 |    59 ||   155
         Headbutt          |    10 |    11 ||    21
         Punch             |     1 |     2 ||     3
    Use: Scroll            |     3 |       ||     3
 Armour: Robe              |    66 |    56 ||   122
  Dodge: Dodged            |    42 |    41 ||    83

Illustrated notes

Table legend:
 A = Kills in this place as a percentage of kills in the entire game.
 B = Kills by you in this place as a percentage of kills by you in the entire game.
 C = Kills by friends in this place as a percentage of kills by friends in the entire game.
 D = Other kills in this place as a percentage of other kills in the entire game.
 E = Experience gained in this place as a percentage of experience gained in the entire game.
 F = Experience gained in this place divided by the number of levels of this place that you have seen.
                   A       B       C       D       E      F
               +-------+-------+-------+-------+-------+----------------------
         Total | 100.0 | 100.0 |   N/A |   N/A | 100.0 |  31.2
       Dungeon | 100.0 | 100.0 |   N/A |   N/A | 100.0 |  31.2
               +-------+-------+-------+-------+-------+----------------------

Table legend: (Time is in decaauts)
 A = Elapsed time spent in this place.
 B = Non-inter-level travel time spent in this place.
 C = Inter-level travel time spent in this place.
 D = Time resting spent in this place.
 E = Time spent auto-exploring this place.
 F = Levels seen in this place.
 G = Mean time per level.
                   A        B        C        D        E       F      G
               +--------+--------+--------+--------+--------+-----+--------+
         Total |   3191 |   2827 |    364 |     77 |   2391 |   4 |  797.8 |
       Dungeon |   3191 |   2827 |    364 |     77 |   2391 |   4 |  797.8 |
               +--------+--------+--------+--------+--------+-----+--------+

Top non-repeatable levels by time:
     D:2: 1103 daAuts
     D:3: 1028 daAuts
     D:1: 983 daAuts
     D:4: 76 daAuts
